 Dungeon Crawl Stone Soup version 0.26.1-11-gd32895ea62 (webtiles) character file.

Game seed: 418854734311680491

200 vvl the Shield-Bearer (level 5, 0/36 HPs)
             Began as an Octopode Fighter on July 14, 2021.
             Was a Follower of Sif Muna.
             Killed from afar by an orc wizard (11 damage)
             ... with a puff of frost
             ... on level 3 of the Dungeon.
             The game lasted 00:05:22 (2810 turns).

vvl the Shield-Bearer (Octopode Fighter)            Turns: 2810, Time: 00:05:23

Health: 0/36       AC:  1    Str: 13 (16) XL:     5   Next: 79%
Magic:  15/15      EV: 11    Int:  9 (11) God:    Sif Muna [*.....]
Gold:   249        SH:  8    Dex: 10 (11) Spells: 6/6 levels left

rFire    . . .     SeeInvis .   i - +0 short sword
rCold    . . .     Faith    .   a - +0 kite shield
rNeg     . . .     Spirit   .   (helmet restricted)
rPois    .         Reflect  .   (no amulet)
rElec    .         Harm     .   m - ring of magical power
rCorr    .         Rampage  .   (no ring)
Will     .....                  (no ring)
Stlth    ++........             (no ring)
HPRegen  0.12/turn              (no ring)
MPRegen  0.14/turn              (no ring)
                                (no ring)
                                (no ring)

@: no status effects
A: almost no armour, stealthy swim, amphibious, 8 rings, constrict 8, camouflage
1, gelatinous body 1
a: Renounce Religion, Channel Magic


You were on level 3 of the Dungeon.
You worshipped Sif Muna.
Sif Muna was aware of your devotion.
You visited 1 branch of the dungeon, and saw 3 of its levels.

You collected 249 gold pieces.

Inventory:

Hand Weapons
 i - a +0 short sword (weapon)
Armour
 a - a +0 kite shield (worn)
Jewellery
 m - a ring of magical power (left tentacle)
Scrolls
 c - 3 scrolls of remove curse {unknown}
 d - 2 scrolls of random uselessness {unknown}
 f - 3 scrolls of teleportation {unknown}
 g - a scroll of identify {unknown}
 h - 3 scrolls of magic mapping {unknown}
 k - a scroll of amnesia {unknown}
 n - a scroll of enchant weapon {unknown}
Potions
 j - a potion of lignification {unknown}


   Skills:
 + Level 3.4 Fighting
 + Level 3.4 Dodging
 + Level 3.5 Shields
 * Level 3.3 Unarmed Combat
 + Level 1.1 Spellcasting
 * Level 2.0 Transmutations
 + Level 2.1 Poison Magic


You had 6 spell levels left.
You didn't know any spells.
Your spell library was empty.

Dungeon Overview and Level Annotations

Branches:
Dungeon (3/15)

Altars:
Cheibriados
Elyvilon
Hepliaklqana
Ru
Sif Muna
Vehumet
Zin


Innate Abilities, Weirdness & Mutations

You cannot wear most types of armour.
You are very stealthy in the water. (Stealth+)
You are amphibious.
You can wear up to eight rings at the same time.
You can use your tentacles to constrict eight enemies at once.
Your skin changes colour to match your surroundings (Stealth+).
Your rubbery body absorbs attacks. (AC +1, EV +1)


Message History

You block the orc's attack. The adder bites you.
The orc wizard hits you but does no damage.
It was a potion of degeneration.
There was something very wrong with that liquid.
You feel weakened.
You feel dopey.
You feel clumsy.
You constrict the adder. You constrict the orc wizard.
The orc wizard hits you with a +0 dagger.
The orc hits you with a +0 club! You block the adder's attack.
You hit the orc. You grab the orc.
The orc is severely wounded.
You constrict the adder.
You kill the adder!
Sif Muna accepts your kill.
You constrict the orc.
You kill the orc!
Sif Muna accepts your kill.
You constrict the orc wizard. You block the orc wizard's attack.
The orc wizard points at you and mumbles some strange words.
The puff of frost hits you!
You die...

###### #....#######
#..........# #..###'###.#
#..# #.# #.# #..###.###.#
######### #..'.._.[+.#
#........
#..#######)#########........
#..# ### #.....@.o..o.......
#..#######.....)o)..........
#....(...............#..!...
#.>..................#.####.
#....................# #
#......................
##.##.###.#########.######
#................... ...
######.#...).##### #.# #.#


You could see 2 orc wizards and an orc.

Vanquished Creatures
  A phantom (D:3)
  6 adders
  An adder skeleton (D:3)
  A worm (D:3)
  2 dart slugs (D:1)
  4 orcs (D:3)
  6 bats
  5 giant cockroaches
  6 goblins
  8 hobgoblins
  A quokka (D:3)
  5 frilled lizards
  5 kobolds
  A leopard gecko skeleton (D:3)
52 creatures vanquished.

Notes
Turn   | Place    | Note
-------+----------+-------------------------------------------
     0 | D:1      | vvl the Octopode Fighter began the quest for the Orb.
     0 | D:1      | Reached XP level 1. HP: 16/16 MP: 1/1
   529 | D:1      | Reached XP level 2. HP: 21/21 MP: 2/2
  1099 | D:2      | Found a shimmering blue altar of Sif Muna.
  1099 | D:2      | Found a white marble altar of Elyvilon.
  1099 | D:2      | Found a radiant altar of Vehumet.
  1206 | D:2      | Reached XP level 3. HP: 26/26 MP: 3/3
  1237 | D:2      | Reached skill level 1 in Poison Magic
  1563 | D:2      | Became a worshipper of Sif Muna the Loreminder
  1661 | D:3      | Reached skill level 1 in Transmutations
  1877 | D:3      | Noticed a phantom
  1897 | D:3      | Reached XP level 4. HP: 12/31 MP: 4/4
  1949 | D:3      | Killed a phantom
  1950 | D:3      | Reached skill level 1 in Spellcasting
  1950 | D:3      | Reached XP level 5. HP: 7/36 MP: 6/6
  2261 | D:3      | Found a snail-covered altar of Cheibriados.
  2277 | D:3      | Found a sacrificial altar of Ru.
  2606 | D:3      | Found a glowing silver altar of Zin.
  2606 | D:3      | Noticed an angel
  2712 | D:3      | Reached * piety under Sif Muna
  2721 | D:3      | Found a hazy altar of Hepliaklqana.
  2810 | D:3      | Killed from afar by an orc wizard

Illustrated notes

Levels and vault maps discovered:
D:1:      amcnicky_arrival_blooded_trapdoor, layout_basic, serial_bayou_pond_d,
          kennysheep_pointless_box
D:2:      layout_basic, gammafunk_temple_overflow_claw
D:3:      layout_basic, lemuel_doored_altar, cheibriados_altar_1,
          hangedman_ru_absence, zin_angel, uniq_crazy_yiuf_cottage

Skill      XL: |  1  2  3  4  5 |
---------------+----------------+-----
Poison Magic   | 1 2 |  2.1
Transmutations | 1 2 |  2.0
Unarmed Combat | 3 |  3.3
Spellcasting   | 1 |  1.1
Fighting       | |  3.4
Dodging        | |  3.4
Shields        | |  3.5

Action                   |  1- 3 |  4- 6 || total
-------------------------+-------+-------++-------
Melee: Unarmed           |    23 |       ||    23
       Constrict         |    22 |    14 ||    36
       Tentacles         |    14 |    12 ||    26
       Short sword       |    54 |    63 ||   117
       Punch             |       |     1 ||     1
  Use: Potion            |       |     6 ||     6
 Stab: Sleeping          |     6 |     4 ||    10
Armor: Skin              |     9 |     1 ||    10
Dodge: Dodged            |    33 |    19 ||    52
Block: Kite shield       |    38 |    19 ||    57
